Map: Chantier naval orbital

Players

CLeqNeR

  • Race: Protoss Protoss
  • League: Diamond

Worming - Winner!

  • Race: Zerg Zerg
  • League: Diamond

VOD

Have the link to the VOD?

Description

Time

  • Played on: Nov. 27, 2015, 12:41 p.m.
  • Length: 12:06
Show
View Real Time Build Order
Export as new Build Order

CLeqNeR Protoss 

Build Orders: Nexus First 

Get SALT Encoding   

  12  0:01  Probe (Chrono Boost)  
  13  0:12  Probe (Chrono Boost)  
  14  0:19  Pylon  
  14  0:23  Probe (Chrono Boost)  
  15  0:37  Probe (Chrono Boost)  
  16  0:48  Probe (Chrono Boost)  
  17  0:58  Probe (Chrono Boost)  
  18  1:05  Nexus  
  18  1:13  Gateway  
  18  1:16  Assimilator  
  18  1:18  Probe (Chrono Boost)  
  19  1:29  Probe (Chrono Boost)  
  20  1:33  Assimilator  
  20  1:38  Pylon  
  21  1:40  Probe (Chrono Boost)  
  21  1:50  Probe (Chrono Boost)  
  22  2:01  Probe (Chrono Boost)  
  23  2:02  Zealot  
  23  2:07  Cybernetics Core  
  25  2:12  Probe (Chrono Boost)  
  25  2:17  Probe (Chrono Boost)  
  25  2:22  Probe (Chrono Boost)  
  27  2:27  Probe (Chrono Boost)  
  28  2:33  Probe (Chrono Boost)  
  31  2:38  Probe (Chrono Boost)  
  31  2:40  Pylon  
  31  2:45  Adept (Chrono Boost)  
  31  2:46  Warp Gate  
  31  2:48  Mothership Core (Chrono Boost)  
  34  2:54  Probe (Chrono Boost)  
  35  2:59  Stargate  
  35  3:06  Probe (Chrono Boost)  
  35  3:08  Probe (Chrono Boost)  
  37  3:16  Probe (Chrono Boost)  
  37  3:19  Probe (Chrono Boost)  
  40  3:27  Probe (Chrono Boost), Robotics Facility  
  40  3:29  Probe (Chrono Boost)  
  40  3:30  Assimilator  
  41  3:36  Adept, Assimilator  
  41  3:37  Probe (Chrono Boost)  
  41  3:40  Probe (Chrono Boost)  
  45  3:48  Probe (Chrono Boost)  
  46  3:50  Probe (Chrono Boost)  
  47  3:58  Probe (Chrono Boost)  
  47  4:00  Probe (Chrono Boost)  
  49  4:06  Oracle (Chrono Boost)  
  49  4:09  Probe x2  
  53  4:14  Pylon  
  54  4:17  Pylon  
  54  4:20  Pylon  
  54  4:26  Probe, Observer  
  54  4:28  Forge  
  54  4:30  Probe  
  54  4:32  Sentry, Pylon  
  54  4:38  Probe  
  58  4:40  Gateway  
  58  4:41  Gateway, Probe  
  59  4:50  Probe  
  59  4:51  Probe  
  60  4:55  Warp Prism  
  63  5:02  Probe x2  
  65  5:10  Nexus  
  65  5:13  Probe  
  65  5:14  Probe  
  67  5:26  Probe  
  66  5:28  Probe  
  66  5:32  Oracle (Chrono Boost)  
  64  5:38  Protoss Ground Weapons Level 1 (Chrono Boost), Probe  
  64  5:39  Immortal (Chrono Boost)  
  72  5:47  Zealot x2  
  72  5:48  Probe  
  77  5:50  Probe  
  77  5:55  Pylon  
  78  5:58  Pylon  
  78  6:00  Probe  
  78  6:03  Probe  
  80  6:04  Robotics Bay  
  80  6:12  Probe  
  80  6:18  Immortal (Chrono Boost)  
  85  6:22  Zealot  
  85  6:23  Zealot  
  85  6:24  Probe x2, Zealot  
  91  6:36  Probe x2  
  93  6:43  Gateway  
  93  6:44  Gateway  
  93  6:46  Gateway  
  93  6:48  Gateway  
  93  6:50  Gateway  
  93  6:51  Probe x2  
  93  6:53  Pylon  
  93  6:56  Probe  
  93  6:58  Sentry x3  
  100  7:03  Probe x2  
  100  7:06  Probe  
  103  7:15  Probe x2  
  102  7:17  Probe  
  102  7:21  Zealot x2  
  102  7:22  Zealot  
  109  7:29  Disruptor (Chrono Boost)  
  102  7:30  Probe x2  
  102  7:34  Robotics Facility  
  102  7:36  Probe, Twilight Council  
  102  7:37  Protoss Ground Armor Level 1 (Chrono Boost)  
  98  7:42  Probe x2  
  101  7:44  Assimilator  
  101  7:46  Assimilator  
  101  7:47  Probe  
  101  7:49  Pylon  
  101  7:50  Pylon  
  102  7:54  Probe  
  102  7:55  Photon Cannon  
  102  7:57  Photon Cannon  
  103  8:02  Stalker x3  
  109  8:12  Stalker x2  
  113  8:20  Probe x2  
  113  8:33  Stalker x5  
  113  8:34  Stalker  
  119  8:35  Probe x2  
  119  8:36  Probe  
  119  8:47  Probe, Disruptor x2  
  119  8:48  Blink (Chrono Boost), Extended Thermal Lance  
  126  9:05  Probe  
  126  9:06  Probe x2  
  129  9:10  Gateway  
  129  9:11  Gateway  
  129  9:13  Gateway  
  129  9:16  Gateway  
  129  9:30  Disruptor  
  132  9:41  Nexus  
  132  9:42  Pylon  
  132  9:43  Pylon  
  132  9:45  Pylon  
  132  9:52  Pylon  
  132  9:53  Pylon  
  132  9:54  Protoss Ground Weapons Level 2 (Chrono Boost)  
  132  9:56  Pylon  
  132  10:00  Disruptor  
  132  10:01  Mothership Core  
  132  10:05  Stalker x5  
  132  10:06  Stalker x2  
  137  10:28  Stalker x3  
  137  10:29  Stalker x4  
  147  10:37  Probe x2  
  130  10:45  Disruptor x2 (Chrono Boost)  
  118  11:03  Dark Shrine  
  118  11:11  Nexus  
  115  11:12  Pylon  
  115  11:15  Pylon  
  115  11:17  Pylon  
  126  11:27  Probe x2  
  128  11:40  Adept x6  
  140  11:50  Zealot  
  140  11:56  Nexus  
  140  11:58  Pylon  
  121  12:01  Pylon  
Show
View Real Time Build Order
Export as new Build Order

Worming Zerg - Winner!

Build Orders: Hatch First 

Get SALT Encoding   

  12  0:01  Drone  
  13  0:08  Drone  
  14  0:19  Extractor  
  14  0:20  Drone, Extractor  
  13  0:21  Drone  
  16  0:42  Hatchery  
  15  0:55  Spawning Pool  
  14  1:03  Overlord  
  14  1:09  Extractor  
  14  1:10  Drone, Extractor  
  13  1:14  Drone  
  16  1:23  Drone  
  17  1:26  Drone  
  17  1:29  Extractor  
  17  1:43  Queen  
  17  1:44  Zergling x2  
  20  1:56  Queen  
  22  2:02  Drone x3  
  25  2:13  Overlord  
  25  2:18  Drone x2  
  27  2:27  Drone  
  28  2:31  Queen  
  30  2:38  Overlord  
  30  2:44  Drone x3  
  33  2:53  Metabolic Boost  
  33  2:56  Drone x3  
  36  3:10  Hatchery  
  34  3:22  Zergling x6  
  34  3:24  Overlord  
  37  3:27  Drone x3  
  40  3:34  Lair  
  40  3:36  Drone x2  
  42  3:56  Drone x5, Extractor  
  42  4:02  Extractor  
  45  4:07  Drone x3  
  45  4:08  Drone  
  49  4:10  Overlord  
  49  4:22  Drone  
  49  4:23  Drone  
  50  4:34  Drone x5  
  50  4:35  Drone x3  
  58  4:49  Overlord x2  
  58  4:50  Drone x3  
  61  4:54  Overlord  
  61  4:58  Overlord, Roach Warren  
  61  4:59  Drone x2  
  62  5:07  Extractor  
  60  5:20  Queen x3, Evolution Chamber  
  65  5:23  Evolution Chamber  
  61  5:32  Drone  
  61  5:33  Drone x14  
  76  5:35  Extractor  
  76  5:37  Extractor  
  76  5:39  Glial Reconstitution  
  74  5:47  Zerg Missile Weapons Level 1  
  74  5:48  Zerg Ground Armor Level 1  
  74  5:49  Drone  
  75  6:06  Drone x2  
  77  6:12  Overlord  
  77  6:13  Hatchery, Overlord x2  
  77  6:14  Roach x7  
  77  6:17  Overseer  
  90  6:24  Hydralisk Den  
  90  6:29  Overlord x6  
  90  6:34  Roach x3  
  96  6:41  Roach x4  
  96  6:42  Roach x2  
  96  6:43  Zergling x4  
  110  6:51  Ravager  
  110  6:52  Ravager x6  
  110  6:53  Hatchery  
  110  6:54  Lurker Den  
  116  6:58  Zergling x2  
  117  7:02  Hydralisk  
  117  7:03  Hydralisk x2  
  120  7:42  Zergling x22  
  120  7:43  Zergling x10  
  136  7:45  Zerg Missile Weapons Level 2  
  136  7:46  Zerg Ground Armor Level 2  
  136  7:50  Infestation Pit  
  135  7:57  Pneumatized Carapace  
  135  8:00  Overlord x3  
  134  8:16  Zergling x14  
  134  8:17  Zergling x12  
  99  8:43  Roach x11  
  121  8:49  Hydralisk  
  119  8:58  Roach x2  
  119  9:01  Roach x6  
  135  9:09  Lurker x2  
  137  9:10  Hydralisk x6  
  137  9:12  Muscular Augments  
  137  9:14  Zergling x2  
  150  9:21  Burrow  
  150  9:22  Hive  
  150  9:28  Drone x3  
  150  9:29  Drone  
  154  9:35  Zergling x2  
  155  9:38  Overseer  
  155  9:40  Overlord  
  155  9:41  Overlord  
  155  9:44  Roach x10  
  175  9:47  Ravager x4  
  175  9:50  Zergling x2, Spine Crawler  
  175  9:52  Spine Crawler  
  178  9:54  Spine Crawler  
  173  10:27  Roach x2  
  173  10:28  Zergling x10, Roach x5  
  183  10:47  Zergling x18  
  186  11:03  Overlord x2  
  186  11:04  Extractor  
  186  11:05  Extractor  
  186  11:06  Roach  
  186  11:07  Roach x2  
  186  11:08  Overlord  
  190  11:12  Zergling x2  
  190  11:16  Overlord  
  191  11:28  Ultralisk Cavern  
  185  11:55  Hatchery  
Tags
 
Add a new tag
Caveats
  • Supply blocks, unpowered buildings, or Contaminate may cause inaccurate times.
  • Supply counts are checked every 10 seconds.